 Dungeon Crawl Stone Soup version 0.31.0-32-g396128a36d (webtiles) character file.

Game seed: 5028384868923501413

3616 mainiacjoe the Covert (level 10, -4/66 HPs)
             Began as an Octopode Ice Elementalist on Mar 27, 2024.
             Was a Follower of Ashenzari.
             Shot with a sling bullet by Joseph (10 damage)
             ... on level 8 of the Dungeon on Mar 28, 2024.
             The game lasted 00:25:01 (6467 turns).

mainiacjoe the Covert (Octopode Ice Elementalist)   Turns: 6467, Time: 00:25:02

Health: -4/66      AC:  1    Str:  6    XL:     10   Next: 11%
Magic:  18/22      EV: 14    Int: 26    God:    Ashenzari [*.....]
Gold:   357        SH:  6    Dex: 12    Spells: 4/14 levels left

rFire   + . .        a - +6 trident of Juarror {freeze, +Blink rElec Str-3}
rCold   . . .        i - +1 buckler "Icuwe Soats" {Rampage rPois Int+5}
rNeg    . . .        (helmet restricted)
rPois   +            f - amulet of magic regeneration
rElec   +            k - ring of the Fated the Doldrums {Will+, Dev, Melee} (curse)
rCorr   +            p - ring of magical power
SInv    .            l - ring of Ashenzari's Loss {rCorr, Range, Fort} (curse)
Will    +....        o - ring of protection from fire
Stlth   +++++        (no ring)
HPRegen 0.31/turn    (no ring)
MPRegen 0.58/turn    (no ring)
                     (no ring)

%: rampage
@: about to teleport, freezing walls
A: almost no armour, amphibious, 8 rings, camouflage 1, gelatinous body 1,
(nimble swimmer 1), tentacles
a: Renounce Religion, Evoke Blink, Shatter the Chains


You were on level 8 of the Dungeon.
You worshipped Ashenzari.
Ashenzari was aware of your devotion.
You visited 2 branches of the dungeon, and saw 9 of its levels.
You also visited: Sewer.

You collected 357 gold pieces.

Inventory:

Hand Weapons
 a - the +6 trident of Juarror (weapon) {freeze, +Blink rElec Str-3}
   (You found it on level 6 of the Dungeon)

   Str-3:     It affects your strength (-3).
   rElec:     It insulates you from electricity.
   +Blink:    It lets you blink.
 j - a +2 scimitar
 v - a +3 short sword
 z - a +1 scimitar of flaming
 B - a +5 spear
 C - a +3 long sword of freezing
Missiles
 d - 75 stones
 e - 2 javelins
 g - 13 poisoned darts
 D - 2 boomerangs
Armour
 i - the +1 buckler "Icuwe Soats" (worn) {Rampage rPois Int+5}
   (You acquired it on level 3 of the Dungeon)

   Int+5:     It affects your intelligence (+5).
   rPois:     It protects you from poison Rampage: It bestows one free step when
   moving towards enemies.
Jewellery
 f - an amulet of magic regeneration (around mantle)
 k - the cursed ring of the Fated the Doldrums (left tentacle) {Will+, Dev, Melee}
   (You found it on level 2 of the Dungeon)

   [ring of willpower]

   Will+:     It increases your willpower.
   It has a curse which improves the following skills: Devices: Evocations and
   Shapeshifting.
   Melee Combat: Short Blades, Long Blades, Axes, Maces & Flails, Polearms,
   Staves and Unarmed Combat.
 l - the cursed ring of Ashenzari's Loss (on tentacle) {rCorr, Range, Fort}
   (You found it on level 4 of the Dungeon)

   [ring of resist corrosion]

   rCorr:     It protects you from acid and corrosion.
   It has a curse which improves the following skills: Ranged Combat: Ranged
   Weapons and Throwing.
   Fortitude: Shields.
 o - a ring of protection from fire (on tentacle)
 p - a ring of magical power (right tentacle)
 w - an amulet of guardian spirit
Talismans
 q - a beast talisman
Wands
 n - a wand of mindburst (13)
 t - a wand of polymorph (6)
Scrolls
 h - 2 scrolls of poison
 s - 3 scrolls of teleportation
 x - a scroll of immolation
 y - a scroll of silence
 A - a scroll of fog
Potions
 b - 6 potions of curing
 c - 2 potions of magic
 m - 2 potions of enlightenment
 r - a potion of resistance
 u - a potion of lignification


   Skills:
 + Level 5.1 Fighting
 - Level 3.2(4.0) Polearms
 + Level 6.2 Dodging
 + Level 8.4 Stealth
 - Level 4.8(5.5) Shields
 - Level 2.5 Spellcasting
 - Level 4.0 Summonings
 - Level 8.0 Ice Magic


You had 4 spell levels left.
You knew the following spells:

 Your Spells              Type           Power      Damage    Failure   Level
a - Freeze                Ice            100%       1d10      1%          1
b - Frozen Ramparts       Ice            88%        1d14      1%          3
c - Ozocubu's Armour      Ice            44%        N/A       1%          3
d - Summon Ice Beast      Ice/Summ       34%        N/A       4%          3

Your spell library contained the following spells:

 Spells                   Type           Power      Damage    Failure   Level
 Call Imp                 Summ           48%        N/A       4%          2
 Static Discharge         Conj/Air       6%         3-4/arc   24%         2
 Sublimation of Blood     Necr           3%         N/A       24%         2
 Summon Lightning Spire   Summ/Air       13%        N/A       56%         4
 Airstrike                Air            1%         2d(1-17)  83%         4
 Leda's Liquefaction      Alch/Erth      1%         N/A       83%         4
 Petrify                  Alch/Erth      3%         N/A       83%         4
 Metabolic Englaciation   Hex/Ice        12%        N/A       63%         5
 Summon Hydra             Summ           12%        N/A       100%        7


Dungeon Overview and Level Annotations

Branches:
Dungeon (8/15)             Temple (1/1) D:4           Sewer (visited)
   Lair: D:8-11

Altars:
Ashenzari
Cheibriados
Dithmenos
Elyvilon
Fedhas
Gozag
Hepliaklqana
Kikubaaqudgha
Makhleb
Nemelex Xobeh
Okawaru
Qazlal
Ru
Sif Muna
Trog
Uskayaw
Vehumet
Wu Jian
Xom
Zin
The Shining One

Annotations:
D:5 two headed ogre
D:6 Sigmund
D:8 Joseph


Innate Abilities, Weirdness & Mutations

You cannot wear most types of armour.
You are amphibious.
You can wear up to eight rings at the same time.
Your skin changes colour to match your surroundings (Stealth+).
Your rubbery body absorbs attacks. (AC +1, EV +1)
((You are camouflaged when in or above water. (Stealth+)))
You have tentacles for arms and can constrict up to eight enemies at once.


Message History

Your ice beast disappears in a puff of smoke!
Casting: Frozen Ramparts (safe; 1% risk of failure)
Confirm with . or Enter, or press ? or * to list all spells.
A chill wind blows around you.
Joseph shoots a sling bullet.
The sling bullet barely misses you. The sling bullet hits your ice beast!
Joseph shoots a sling bullet.
You block the sling bullet.
Joseph shoots a sling bullet.
The sling bullet hits you!
Joseph shouts, "Wow!"
Joseph shoots a sling bullet.
The sling bullet hits your ice beast!
The frozen ramparts melt away.
Joseph shoots a sling bullet.
The sling bullet completely misses your ice beast.
You block the sling bullet.
Your ice beast hits Joseph.
Your ice beast freezes Joseph!
Joseph unwields a +0 sling.
Joseph wields a +4 quarterstaff of draining.
You sense an unholy aura.
Joseph hits your ice beast with a +4 quarterstaff of draining.
Your ice beast dies!
Your ice beast disappears in a puff of smoke!
Things that are here:
a +0 mace; a +0 scale mail
Casting: Summon Ice Beast (dangerous; 4% risk of failure)
Confirm with . or Enter, or press ? or * to list all spells.
Casting: Frozen Ramparts (safe; 1% risk of failure)
Press: ? - help, Dir - look around, f - activate The walls around you are covered in ice.
The wall freezes Joseph!
Joseph unwields a +4 quarterstaff of draining.
Joseph wields a +0 sling.
Joseph shoots a sling bullet.
The sling bullet hits you!!
* * * LOW HITPOINT WARNING * * *
Aiming: Mindburst
Press: ? - help, Shift-Dir - straight line, f - Joseph
Aim: Joseph, wielding a +0 sling and wearing a +0 leather armour (severely wounded, chance to affect: 47%)
Okay, then.
Okay, then.
As you read the scroll of teleportation, it crumbles to dust.
You feel strangely unstable.
The wall freezes Joseph!
Joseph shoots a sling bullet.
The sling bullet hits you!
You die...

... #.... ..# .......
#)... ...# ....... #....
...# ...... #.... ....#
...... #...#####...#
...#.# #....(......#
...#.# #.........# ...#.#
####.@[..# ## ...#.#
#..###'###..# ...#.#
#.))))$@....# .....#
#...........# ... ##...##
#...........# ..
##....#### #.....[.....#..
.
..<#.....####.######...#..
..
..##.###.................
@.. ..##.#
##.##..####.....#......


You could see Joseph.

Vanquished Creatures
  Prince Ribbit (D:6)
  Grum (D:8)
  Eustachio (D:6)
  2 steam dragons
  A water moccasin (D:7)
  An acid dragon (D:8)
  Duvessa (D:5)
  An orc warrior (D:8)
  An ice beast (D:7)
  2 wolves (D:8)
  4 centaurs
  A lemure (D:8)
  A kobold brigand (Sewer)
  A bullfrog (D:8)
  A scorpion (D:5)
  7 wights
  3 killer bees (D:8)
  A bombardier beetle (D:6)
  2 hounds (D:7)
  2 jellies
  2 iguanas
  3 river rats
  2 gnolls (D:7)
  6 adders
  6 dart slugs
  2 ribbon worms
  10 orcs
  7 endoplasms
  A giant cockroach (D:1)
  8 goblins
  8 hobgoblins
  11 jackals
  3 quokkas
  11 ball pythons
  7 bats
  2 frilled lizards
  14 kobolds
  12 rats
150 creatures vanquished.

Vanquished Creatures (collateral kills)
  Pikel (D:8)
  An efreet (D:8)
  A killer bee (D:8)
  2 orc wizards (D:8)
  2 gnolls (D:7)
  3 orcs (D:8)
10 creatures vanquished.

Grand Total: 160 creatures vanquished

Notes
Turn   | Place    | Note
-------+----------+-------------------------------------------
     0 | D:1      | mainiacjoe the Octopode Ice Elementalist began the quest
                  | for the Orb.
     0 | D:1      | Reached XP level 1. HP: 11/11 MP: 3/3
   206 | D:1      | Reached XP level 2. HP: 17/17 MP: 5/5
   339 | D:1      | Reached XP level 3. HP: 21/21 MP: 6/6
   343 | D:1      | Learned a level 3 spell: Frozen Ramparts
  1142 | D:2      | Reached XP level 4. HP: 27/27 MP: 7/7
  1146 | D:2      | Learned a level 3 spell: Ozocubu's Armour
  1188 | D:2      | HP: 1/27 [poisoned by an adder]
  1781 | D:3      | You fall into a shaft and drop 2 floors!
  1781 | D:5      | Entered Level 5 of the Dungeon
  2107 | D:3      | Identified a scroll of acquirement
  2107 | D:3      | Acquired the +1 buckler "Icuwe Soats" {Rampage rPois Int+5}
  2218 | D:3      | Found an ancient bone altar of Kikubaaqudgha.
  2267 | D:3      | Reached XP level 5. HP: 31/31 MP: 8/8
  2521 | D:4      | Found a staircase to the Ecumenical Temple.
  2548 | Temple   | Entered the Ecumenical Temple
  2623 | Temple   | Became a worshipper of Ashenzari the Shackled
  2770 | D:4      | Reached skill level 1 in Shields
  2770 | D:4      | Reached skill level 5 in Ice Magic
  3341 | D:5      | Noticed Duvessa
  3352 | D:5      | Killed Duvessa
  3352 | D:5      | Noticed Dowan
  3353 | D:5      | Reached XP level 6. HP: 14/36 MP: 9/9
  3357 | D:5      | Dowan changed into Dowan the rat
  3357 | D:5      | Noticed Dowan
  3358 | D:5      | Killed Dowan the rat
  3387 | D:5      | Noticed a two-headed ogre
  3824 | D:6      | Noticed Eustachio
  3832 | D:6      | Killed Eustachio
  3833 | D:6      | Reached XP level 7. HP: 30/41 MP: 10/10
  3916 | D:6      | Found a bloodstained altar of Trog.
  3951 | D:6      | Identified the +6 trident of Juarror {freeze, +Blink rElec
                  | Str-3}
  4035 | D:6      | Noticed Prince Ribbit
  4052 | D:6      | Found a glowing drain.
  4136 | Sewer    | Entered a sewer
  4354 | Sewer    | Reached XP level 8. HP: 46/46 MP: 11/11
  4384 | Sewer    | Found a glowing silver altar of Zin.
  4442 | D:6      | Killed Prince Ribbit
  4443 | D:6      | Reached skill level 1 in Summonings
  4447 | D:6      | Learned a level 3 spell: Summon Ice Beast
  4529 | D:6      | Noticed Sigmund
  5125 | D:7      | Found a radiant altar of Vehumet.
  5135 | D:7      | Reached skill level 1 in Fighting
  5390 | D:7      | Found a burning altar of Makhleb.
  5541 | D:7      | Reached * piety under Ashenzari
  5945 | D:8      | Noticed Pikel
  5954 | D:8      | Killed Pikel
  5955 | D:8      | Reached skill level 1 in Polearms
  5955 | D:8      | Reached skill level 5 in Stealth
  5955 | D:8      | Reached XP level 9. HP: 51/56 MP: 12/12
  5956 | D:8      | Noticed Grum
  5977 | D:8      | Killed Grum
  5980 | D:8      | Reached skill level 5 in Dodging
  6228 | D:8      | Noticed Joseph
  6314 | D:8      | Noticed an efreet
  6327 | D:8      | Killed an efreet
  6328 | D:8      | Reached skill level 5 in Fighting
  6328 | D:8      | Reached XP level 10. HP: 11/66 MP: 13/13
  6467 | D:8      | Shot with a sling bullet by Joseph

Illustrated notes

Levels and vault maps discovered:
D:1:      onia_arrival_mini_maze_b, layout_basic, kennysheep_nondescript,
          minmay_bisected
D:2:      minmay_chambers_of_ones, layout_basic
D:3:      layout_rooms, nicolae_overflow_hidden_temple
D:4:      layout_gridville, minmay_temple_entry_sparse_star
D:5:      layout_loops_corners, grunt_decor_one_mirror,
          minmay_misc_feat_nine_boxes, nicolae_titane, uniq_duvessa,
          uniq_menkaure
D:6:      layout_loops_cross, kennysheep_little_box, portal_sewer_entry_a,
          item_on_display_a, uniq_prince_ribbit1, uniq_eustachio, uniq_sigmund
D:7:      layout_rooms, fiery_altar_vehumet, makhleb_heckhound_becter
D:8:      layout_basic, mainiacjoe_overflow_brackets, grunt_potential,
          uniq_joseph, uniq_pikel, uniq_grum
Temple:   minmay_temple_bridge_d

Skill      XL: |  1  2  3  4  5  6  7  8  9 |
---------------+----------------------------+-----
Stealth        | 3 5 8 |  8.4
Dodging        | 3 4 6 |  6.2
Shields        | 2 3 4 |  4.8
Ice Magic      | 5 6 7 8 |  8.0
Summonings     | 4 |  4.0
Fighting       | 3 5 |  5.1
Polearms       | 1 3 |  3.2
Spellcasting   | |  2.5

Action                     |  1- 3 |  4- 6 |  7- 9 | 10-12 || total
---------------------------+-------+-------+-------+-------++-------
  Melee: Dagger            |    64 |    18 |       |       ||    82
         Tentacles         |    13 |    14 |    17 |     1 ||    45
         Constrict         |    14 |    17 |    14 |       ||    45
         Punch             |     1 |     2 |     1 |       ||     4
         Short sword       |       |    39 |       |       ||    39
         Trident           |       |       |   112 |     6 ||   118
   Cast: Freeze            |     7 |    28 |    11 |     1 ||    47
         Frozen Ramparts   |     3 |    11 |    18 |     2 ||    34
         Ozocubu's Armour  |       |     3 |    10 |       ||    13
         Summon Ice Beast  |       |       |     8 |     3 ||    11
 Invoke: Curse Item        |       |       |     2 |       ||     2
  Evoke: Wand              |       |     3 |     4 |       ||     7
    Use: Scroll            |     1 |    10 |       |     1 ||    12
         Potion            |       |       |     3 |       ||     3
   Stab: Sleeping          |    11 |    11 |     3 |       ||    25
         Distracted        |     1 |     1 |       |       ||     2
 Armour: Skin              |    26 |    30 |    68 |    11 ||   135
  Dodge: Dodged            |    48 |    40 |    73 |     7 ||   168
  Block: Buckler           |       |    10 |    34 |     7 ||    51
